 Dungeon Crawl Stone Soup version 0.17-a0-1830-g81820eb (webtiles) character file.

1103 4thArraOfDagon the Firebug (level 8, -2/62 HPs)
             Began as a Naga Fire Elementalist on Sept 13, 2015.
             Was a Believer of Vehumet.
             Shot with an arrow by a centaur (14 damage)
             ... on level 8 of the Dungeon.
             The game lasted 00:10:13 (1765 turns).

4thArraOfDagon the Firebug (Naga Fire Elementalist) Turns: 1765, Time: 00:10:13

Health: -2/62      AC:  5    Str: 10    XL:     8   Next: 32%
Magic:  8/14       EV: 10    Int: 19    God:    Vehumet [**....]
Gold:   267        SH:  0    Dex: 11    Spells: 3 memorised, 7 levels left

rFire  . . .     SeeInvis +     d - +0 mace
rCold  . . .     Clarity  .     a - +0 robe
rNeg   . . .     SustAt   .     (no shield)
rPois  +         Gourm    .     (no helmet)
rElec  .         Spirit   .     (no cloak)
rCorr  .         Warding  .     s - +1 pair of gloves
rMut   .         Stasis   .     (no barding)
MR     +....                    (no amulet)
Stlth  ++........               (no ring)
                                (no ring)

@: very slow, somewhat resistant to hostile enchantments, unstealthy
A: see invisible, deformed body, poison resistance, slowness 2, slow metabolism
1, spit poison 2, AC +2
a: Spit Poison, Renounce Religion


You were on level 8 of the Dungeon.
You worshipped Vehumet.
Vehumet was pleased with you.
You were not hungry.

You visited 2 branches of the dungeon, and saw 9 of its levels.

You collected 267 gold pieces.

Inventory:

Hand weapons
 d - a +0 mace (weapon)
Armour
 a - a +0 robe (worn)
 s - a +1 pair of gloves (worn)
Magical devices
 z - a wand of disintegration (5)
Scrolls
 h - 2 scrolls of fear {unknown}
 j - 5 scrolls of remove curse {unknown}
 k - a scroll of random uselessness {unknown}
 m - 2 scrolls of teleportation {unknown}
 r - a scroll of enchant armour {unknown}
 t - a scroll of enchant weapon {unknown}
 u - 2 scrolls of immolation {unknown}
 y - a scroll of holy word {unknown}
Potions
 e - 2 potions of flight
 g - a potion of cure mutation {unknown}
 n - 2 potions of curing
 p - a potion of might
 q - a potion of lignification {unknown}
 v - a potion of poison
 w - a potion of heal wounds
Books
 b - a book of Flames

   Spells                             Type                      Level
   a - Flame Tongue                   Conjuration/Fire             1
   b - Throw Flame                    Conjuration/Fire             2
   c - Conjure Flame                  Conjuration/Fire             3
   d - Inner Flame                    Hexes/Fire                   3
   e - Sticky Flame                   Conjuration/Fire             4
   f - Fireball                       Conjuration/Fire             5
 i - a book of Conjurations

   Spells                             Type                      Level
   a - Magic Dart                     Conjuration                  1
   b - Searing Ray                    Conjuration                  2
   c - Dazzling Spray                 Conjuration/Hexes            3
   d - Fulminant Prism                Conjuration/Hexes            4
   e - Iskenderun's Mystic Blast      Conjuration                  4
   f - Iskenderun's Battlesphere      Conjuration/Charms           5
 o - a book of the Warp

   Spells                             Type                      Level
   a - Recall                         Summoning/Translocation      3
   b - Gell's Gravitas                Hexes/Translocation          3
   c - Force Lance                    Conjuration/Translocation    4
   d - Phase Shift                    Translocation                5
   e - Warp Weapon                    Charms/Translocation         5
   f - Summon Forest                  Summoning/Translocation      5
Comestibles
 c - 5 bread rations
 f - 2 meat rations
 l - a chunk of flesh
 x - 2 beef jerkies


   Skills:
 - Level 1.5 Dodging
 - Level 3.0 Stealth
 + Level 4.3 Spellcasting
 * Level 5.9 Conjurations
 * Level 6.8 Fire Magic


You had 7 spell levels left.
You knew the following spells:

 Your Spells              Type           Power        Failure   Level  Hunger
a - Flame Tongue          Conj/Fire      ####.        1%          1    None
b - Conjure Flame         Conj/Fire      ####....     3%          3    ###....
c - Sticky Flame          Conj/Fire      ####....     12%         4    ####...


Dungeon Overview and Level Annotations

Branches:
Dungeon (8/15)             Temple (1/1) D:6
   Lair: D:8-11

Altars:
Ashenzari
Cheibriados
Dithmenos
Elyvilon
Fedhas
Gozag
Kikubaaqudgha
Makhleb
Okawaru
Qazlal
Ru
Trog
Vehumet
Xom
Zin
The Shining One

Annotations:
D:5 Blork the orc


Innate Abilities, Weirdness & Mutations

You cannot wear boots.
Your serpentine skin is tough (AC +2).
You have supernaturally acute eyesight.
Armour fits poorly on your strangely shaped body.
Your system is resistant to poisons.
You cover ground very slowly.
You have a slow metabolism.
You can spit poison.


Message History

The centaur shoots an arrow.
The arrow barely misses you.
Unknown command.
Casting: Sticky Flame
Confirm with . or Enter, or press ? or * to list all spells.
Aiming: Flame Tongue
Press: ? - help, Shift-Dir - straight line, f/p - centaur
Aim: a centaur, wielding a shortbow and wearing a bone ring (heavily wounded)
The flame tongue hits the centaur.
The centaur is almost dead.
The centaur shoots an arrow.
The arrow hits you!
* * * LOW HITPOINT WARNING * * *
The centaur shoots an arrow.
The arrow barely misses you.
Casting: Flame Tongue
Confirm with . or Enter, or press ? or * to list all spells.
Aiming: Flame Tongue
Press: ? - help, Shift-Dir - straight line, f/p - centaur
Aim: a centaur, wielding a shortbow and wearing a bone ring (almost dead)
The flame tongue misses the centaur.
The centaur shoots an arrow.
The arrow hits you!
You die...

...H...
.......
#..# # .>
...# # . #.
...# #
#.###. ...#
# ...[.
...# # ..
.c. ... #
##..##.##.#
#
.....(..@.#
#
#..###(###
### #..#
#.# ..#
#..# #.#
#.# #Y.#
#.# #.# ..#
#.######
#.# ..#
#.##._..
#.# #.# #.#
....
#.#######
#.#
#.###..##


You could see a centaur.

Vanquished Creatures
  A deep elf mage (D:8)
  Sigmund (D:6)
  A hippogriff (D:8)
  An ice beast (D:8)
  2 giant frogs
  A water moccasin skeleton (D:7)
  2 orc priests
  3 hounds
  A jelly (D:8)
  An orc wizard (D:6)
  An iguana (D:4)
  2 worker ants (D:6)
  6 adders
  A shadow imp (D:8)
  2 worms
  An adder skeleton (D:4)
  2 giant geckos
  3 orcs
  A ball python (D:6)
  4 giant cockroaches
  3 hobgoblins
  3 jackals (D:1)
  A kobold (D:1)
  A quokka (D:5)
  A bat (D:3)
  3 giant newts (D:2)
  8 goblins
  5 rats
62 creatures vanquished.

Notes
Turn   | Place    | Note
--------------------------------------------------------------
     0 | D:1      | 4thArraOfDagon the Naga Fire Elementalist began the quest for the Orb.
     0 | D:1      | Reached XP level 1. HP: 15/15 MP: 3/3
    83 | D:2      | You fall through a shaft!
    92 | D:4      | Reached XP level 2. HP: 14/22 MP: 0/5
   128 | D:5      | Entered Level 5 of the Dungeon
   167 | D:5      | Reached XP level 3. HP: 25/28 MP: 1/6
   172 | D:5      | Learned a level 3 spell: Conjure Flame
   357 | D:6      | Found a staircase to the Ecumenical Temple.
   370 | Temple   | Entered the Ecumenical Temple
   401 | Temple   | Became a worshipper of Vehumet
   460 | D:6      | Reached skill level 4 in Fire Magic
   460 | D:6      | Reached XP level 4. HP: 36/36 MP: 4/7
   503 | D:5      | Found a blossoming altar of Fedhas.
   506 | D:5      | Found an iron altar of Okawaru.
   550 | D:5      | Noticed Blork the orc
   599 | D:4      | Noticed a hound
   605 | D:4      | Killed a hound
   605 | D:4      | Reached XP level 5. HP: 37/42 MP: 2/9
   642 | D:4      | Noticed an iguana
   648 | D:4      | Killed an iguana
   690 | D:3      | Found an iron altar of Okawaru.
   863 | D:2      | Acquired Vehumet's first power
   863 | D:2      | Offered knowledge of Sting by Vehumet.
  1035 | D:2      | Found a burning altar of Makhleb.
  1035 | D:2      | Noticed a balrug
  1142 | D:3      | Reached XP level 6. HP: 49/49 MP: 8/10
  1155 | D:3      | You fall through a shaft for 3 floors!
  1170 | D:6      | Reached skill level 5 in Fire Magic
  1179 | D:6      | Learned a level 4 spell: Sticky Flame
  1236 | D:6      | Noticed Sigmund
  1251 | D:6      | Killed Sigmund
  1251 | D:6      | Reached XP level 7. HP: 39/55 MP: 1/12
  1620 | D:8      | Noticed a hippogriff
  1631 | D:8      | Offered knowledge of Throw Frost by Vehumet.
  1631 | D:8      | Reached skill level 6 in Fire Magic
  1635 | D:8      | Reached skill level 5 in Conjurations
  1637 | D:8      | Noticed a deep elf mage
  1665 | D:8      | Killed a deep elf mage
  1665 | D:8      | Reached XP level 8. HP: 21/62 MP: 4/14
  1675 | D:8      | Noticed a fire drake
  1705 | D:8      | Killed a hippogriff
  1730 | D:8      | Found a glowing golden altar of the Shining One.
  1731 | D:8      | Found a snail-covered altar of Cheibriados.
  1765 | D:8      | Shot with an arrow by a centaur

Vault maps used:
D:1:      dpeg_arrival_rhombi, roderic_malta_cross,
          minmay_misc_feat_more_columns
D:2:      makhleb_altar_promises_db, minmay_misc_feat_chi
D:3:      lemuel_castle_with_subvaults, nemelex_deck, serial_bayou,
          serial_bayou_ford_a, serial_bayou_pond_d, serial_bayou_pond_a,
          serial_bayou_pond_d, okawaru_trees_1
D:4:      serial_shops, shop, nicolae_shop_stone, first_bread
D:5:      tgw_sif, fedhas_altar_3, basic_altar, serial_bayou,
          serial_bayou_pond_d, serial_bayou_pond_c, serial_bayou_pond_a,
          serial_bayou_shore_b, uniq_blork_the_orc
D:6:      kennysheep_mini_moat, minmay_temple_entry_statues_fountains,
          chei_slow_surprise, uniq_sigmund
D:7:      columned_hall_lemuel
D:8:      minitemple, minmay_lair_entry_lava, uniq_erolcha
Temple:   zaba_magenta_temple_12

Action                   |  1- 3 |  4- 6 |  7- 9 || total
-------------------------+-------+-------+-------++-------
Melee: Mace              |    11 |    18 |    22 ||    51
 Cast: Flame Tongue      |    13 |    53 |    28 ||    94
       Sticky Flame      |       |     1 |     3 ||     4
       Conjure Flame     |       |       |     4 ||     4
 Abil: Spit Poison       |     9 |    21 |     8 ||    38
Evoke: Wand              |       |       |     2 ||     2
  Use: Scroll            |       |     1 |     4 ||     5
       Potion            |       |       |     5 ||     5
 Stab: Sleeping          |       |     1 |       ||     1
  Eat: Chunk             |       |     2 |     4 ||     6
